Map: Miner Evacuation

Players

NamroodTuo

  • Race: Terran Terran
  • Spawn Location: 7:00

Eliagu

  • Race: Terran Terran

VOD

Have the link to the VOD?

Description

Time

  • Played on: Jan. 29, 2023, 9:13 a.m.
  • Length: 30:25
Show
View Real Time Build Order
Export as new Build Order

NamroodTuo Terran 

Build Orders:  

Get SALT Encoding   

  12  0:02  SCV  
  13  0:16  SCV  
  14  0:29  SCV  
  14  0:33  Supply Depot  
  15  0:53  Factory  
  15  1:11  SCV  
  16  1:25  SCV, Supply Depot  
  17  1:38  SCV  
  18  1:52  SCV  
  18  1:59  Armory  
  19  2:00  Engineering Bay  
  19  2:06  SCV  
  20  2:23  Devastation Turret  
  20  2:32  Devastation Turret  
  20  2:39  SCV  
  21  2:44  Refinery  
  21  2:52  Refinery  
  21  2:53  SCV  
  22  3:09  SCV  
  23  3:23  SCV  
  24  3:36  SCV  
  25  3:41  Devastation Turret  
  25  3:52  Perdition Turret  
  25  3:56  Devastation Turret  
  25  4:03  Goliath  
  27  4:18  Supply Depot  
  27  4:38  Missile Turret  
  27  4:51  Missile Turret  
  27  5:02  Devastation Turret  
  27  5:16  Upgrade Laser Drill Level 1  
  27  5:31  Missile Turret  
  27  5:43  SCV  
  28  5:50  Structure Armor  
  28  5:57  SCV  
  29  6:00  Terran Vehicle and Ship Weapons Level 1  
  29  6:10  SCV  
  30  6:20  Devastation Turret  
  30  6:24  SCV  
  30  6:25  Factory Tech Lab  
  31  6:37  SCV  
  30  7:01  Factory  
  30  7:06  Starport  
  30  7:07  SCV  
  31  7:21  SCV  
  31  7:28  Starport  
  32  7:34  SCV  
  33  7:44  Supply Depot  
  33  7:48  SCV  
  34  8:01  SCV  
  35  8:13  Missile Turret  
  35  8:15  SCV  
  35  8:16  Supply Depot  
  36  8:20  Starport Tech Lab  
  36  8:23  Starport Reactor  
  36  8:44  Devastation Turret  
  36  8:47  Supply Depot  
  36  8:52  Science Vessel  
  38  9:05  Pulse Amplifier  
  38  9:34  Wraith  
  40  9:40  Science Vessel  
  40  9:41  Wraith  
  44  10:05  Improved Nano-Repair  
  44  10:23  SCV, Devastation Turret  
  45  10:31  Wraith x2  
  45  10:35  Wraith  
  45  10:37  SCV  
  52  10:58  Command Center  
  52  11:11  Wraith  
  52  11:16  Devastation Turret  
  54  11:23  SCV  
  54  11:29  Supply Depot  
  55  11:37  SCV  
  56  11:42  Wraith  
  58  12:01  Perdition Turret  
  58  12:31  Devastation Turret  
  58  12:40  SCV  
  59  12:53  SCV  
  60  13:00  Devastation Turret  
  60  13:07  SCV  
  61  13:20  SCV  
  61  13:27  Perdition Turret  
  61  13:29  Devastation Turret  
  62  13:51  Perdition Turret  
  62  13:57  Devastation Turret  
  62  14:01  SCV  
  63  14:15  SCV  
  64  14:25  Perdition Turret  
  64  14:28  SCV  
  65  14:31  Perdition Turret  
  65  14:42  SCV  
  65  14:44  Perdition Turret x2  
  65  14:48  Perdition Turret  
  66  14:52  Perdition Turret  
  66  14:55  SCV  
  66  14:57  Perdition Turret  
  67  15:01  Perdition Turret  
  67  15:06  Perdition Turret  
  67  15:09  SCV  
  68  15:22  SCV, Wraith x2  
  68  15:23  Science Vessel  
  75  15:37  Supply Depot  
  75  15:49  Devastation Turret  
  75  15:55  Missile Turret  
  75  16:01  Missile Turret  
  75  16:02  Wraith x2  
  79  16:11  Science Vessel  
  81  16:42  Wraith x2  
  85  16:54  Devastation Turret  
  85  16:56  Perdition Turret  
  85  16:59  Science Vessel  
  87  17:09  SCV, Perdition Turret  
  88  17:22  SCV, Refinery, Wraith x2  
  88  17:25  Refinery  
  93  17:36  SCV  
  94  18:14  Supply Depot  
  94  18:43  SCV  
  94  18:44  Wraith x2  
  94  18:47  Supply Depot  
  99  18:57  SCV  
  100  19:10  SCV  
  100  19:19  Supply Depot  
  101  19:24  SCV, Science Vessel  
  88  20:29  Terran Vehicle And Ship Armor Level 1  
  88  20:41  Wraith x3  
  94  21:21  Wraith x3  
  94  21:22  SCV  
  101  21:35  SCV  
  102  21:49  SCV  
  103  21:57  Supply Depot  
  103  22:01  Wraith x3  
  103  22:02  SCV  
  110  22:20  Devastation Turret  
  110  22:30  Supply Depot  
  110  22:41  Wraith x3  
  116  23:02  Supply Depot  
  116  23:09  Terran Vehicle and Ship Weapons Level 2  
  116  23:21  Science Vessel, Wraith x2  
  122  23:35  Supply Depot  
  122  24:01  Wraith x2  
  122  24:09  Science Vessel  
  128  24:34  Devastation Turret  
  128  24:40  Wraith  
  128  24:41  Wraith  
  132  24:57  Science Vessel  
  134  25:03  Devastation Turret  
  134  25:20  Wraith  
  134  25:21  Wraith  
  138  25:33  Devastation Turret  
  138  26:19  Terran Vehicle And Ship Armor Level 2  
  136  28:52  Perdition Turret  
  136  28:53  Perdition Turret x2  
  135  29:04  Perdition Turret  
  135  29:05  Perdition Turret  
Show
View Real Time Build Order
Export as new Build Order

Eliagu Terran 

Build Orders:  

Get SALT Encoding   

  12  0:03  SCV  
  12  0:05  Starport Tech Lab  
  13  0:20  SCV  
  14  0:30  Refinery  
  14  0:37  SCV  
  15  0:44  Refinery  
  15  1:36  Supply Depot  
  15  1:42  Assault Galleon  
  15  2:06  SCV  
  16  2:23  SCV  
  17  2:30  Supply Depot  
  17  2:40  SCV  
  18  2:57  SCV  
  19  3:01  Armory, Supply Depot  
  19  3:05  Widow Mine  
  21  3:14  SCV  
  22  3:26  Hellbat  
  24  3:31  SCV  
  25  3:48  SCV  
  26  4:05  SCV  
  27  4:22  SCV  
  27  4:27  Fusion Core  
  28  4:34  Hellion  
  28  4:39  SCV, Hellbat  
  29  4:56  SCV  
  30  5:13  SCV  
  30  5:18  Hellion  
  31  5:30  SCV, Hellbat  
  32  5:47  SCV  
  31  6:24  Drone Hangar  
  34  6:47  Strike Fighter Platform  
  36  7:03  Command Center  
  36  7:24  Reaper  
  36  7:29  Strike Fighter Platform  
  39  8:02  Multi-Threaded Sensors  
  39  8:03  Supply Depot  
  39  8:27  Reaper  
  39  8:35  Supply Depot  
  39  8:41  Reaper  
  46  8:55  Reaper  
  51  9:03  Assault Galleon  
  51  9:10  Supply Depot  
  51  9:32  Tactical Jump  
  51  9:44  Strike Fighter Platform  
  51  10:04  Assault Galleon  
  51  10:15  Strike Fighter Platform  
  51  10:46  Strike Fighter Platform  
  55  11:05  Command Center  
  55  11:06  Assault Galleon  
  55  11:09  Drone Hangar  
  60  11:16  SCV  
  61  11:20  Strike Fighter Platform  
  61  11:33  SCV  
  62  11:50  SCV  
  62  11:52  Strike Fighter Platform  
  62  11:54  Drone Hangar  
  66  12:07  SCV, Assault Galleon  
  67  12:24  SCV, Strike Fighter Platform  
  68  12:31  Reaper x2  
  70  12:44  Reaper  
  70  12:45  Reaper  
  72  12:54  Reaper  
  72  12:56  Strike Fighter Platform  
  72  12:58  Reaper  
  72  12:59  Reaper  
  72  13:08  Reaper  
  71  13:13  Reaper  
  72  13:22  Reaper  
  72  13:26  Reaper  
  72  13:27  Strike Fighter Platform  
  70  13:35  Assault Galleon  
  70  13:36  Reaper  
  70  13:58  SCV  
  71  14:02  Drone Hangar x2  
  77  14:14  Engineering Bay, Unregistered Cloak System  
  77  14:15  SCV  
  78  14:34  Refinery  
  78  14:36  Refinery  
  78  14:44  Supply Depot  
  78  15:02  SCV  
  78  15:04  Supply Depot  
  79  15:14  Supply Depot  
  79  15:15  Supply Depot  
  79  15:18  Supply Depot  
  79  15:19  SCV  
  80  15:36  SCV  
  80  15:38  Supply Depot  
  81  15:46  Supply Depot  
  81  15:48  Supply Depot  
  81  15:50  Supply Depot  
  81  15:53  SCV  
  82  16:03  SCV  
  83  16:10  SCV  
  84  16:20  SCV  
  84  16:21  Supply Depot  
  84  16:27  SCV  
  86  16:31  Asteria Wraith  
  86  16:37  SCV  
  95  16:44  SCV  
  96  16:54  SCV  
  97  17:11  SCV  
  97  17:18  Drone Hangar  
  101  17:22  Reaper x3  
  101  17:23  Reaper  
  105  17:36  Reaper x4  
  109  17:40  SCV  
  110  17:50  W.I.L.D. Missiles, Reaper  
  110  17:52  Executioner Missiles  
  110  17:57  SCV  
  112  18:14  SCV  
  113  18:31  SCV  
  112  18:48  SCV  
  105  19:02  Widow Mine  
  105  19:03  Widow Mine x2, Reaper  
  105  19:04  Reaper  
  106  19:17  Reaper x2, Sovereign Battlecruiser  
  118  19:22  Black Market Launchers  
  118  19:23  Theia Raven  
  108  20:22  LE9 Cluster Charges  
  108  20:50  Missile Turret  
  108  21:07  Sovereign Battlecruiser  
  118  21:22  Missile Turret, Jetpack Overdrive  
  118  21:49  Missile Turret  
  118  22:19  Missile Turret  
  118  22:49  Missile Turret  
  118  22:52  Deimos Viking  
  118  22:54  Asteria Wraith  
  134  23:17  Missile Turret  
  134  23:45  Missile Turret  
  134  24:14  Missile Turret  
  134  25:27  Aerosol Stim Emitters  
  134  25:31  Horner Armor Level 1  
  134  26:27  Wildfire Explosives  
  134  26:51  Sovereign Battlecruiser  
  134  26:58  Sovereign Battlecruiser  
  154  28:35  Supply Depot x2  
  154  29:07  Supply Depot x2  
  154  29:19  Sovereign Battlecruiser  
Tags
 
Commander
HornerSwann
Matchup
Co-op
Replay Pack
Multiplayer
Add a new tag
Caveats
  • Supply blocks, unpowered buildings, or Contaminate may cause inaccurate times.
  • Supply counts are checked every 10 seconds.